 Dungeon Crawl Stone Soup version 0.31.0-11-ge490571c62 (webtiles) character file.

Game seed: 7908747649382295999

27 Minsecho the Changeling (level 3, 0/26 HPs)
             Began as a Merfolk Shapeshifter on Feb 6, 2024.
             Slain by an iguana (3 damage)
             ... on level 1 of the Dungeon.
             The game lasted 00:02:50 (924 turns).

Minsecho the Changeling (Merfolk Shapeshifter)       Turns: 924, Time: 00:02:51

Health: 0/26       AC:  2    Str: 16    XL:     3   Next: 10%
Magic:  3/3        EV: 12    Int:  9    God:
Gold:   52         SH:  0    Dex: 13    Spells: 2/2 levels left

rFire   . .          .
                       - Unarmed
rCold   . . .        (no shield)
rNeg    . . .        a - +0 animal skin
rPois   .            (helmet currently unavailable)
rElec   .            (cloak currently unavailable)
rCorr   .            (gloves currently unavailable)
SInv    .            (boots currently unavailable)
Will    .....        (no amulet)
Stlth   ++           (no ring)
HPRegen 0.24/turn    (no ring)
MPRegen 0.08/turn

%: no passive effects
@: beast-form
A: beast (slay +2), (nimble swimmer 2), mertail
a: Begin Untransformation


You were on level 1 of the Dungeon.
You were a hulking beast.
You visited 1 branch of the dungeon, and saw 2 of its levels.

You collected 52 gold pieces.

Inventory:

Missiles
 h - 5 boomerangs (quivered)
Armour
 a - a +0 animal skin (worn)
Talismans
 c - a beast talisman
 d - a flux talisman
Scrolls
 i - 2 scrolls of acquirement
 k - a scroll of identify
 o - a scroll of poison {unknown}
 p - a scroll of immolation {unknown}
Potions
 b - a potion of lignification
 e - 2 potions of might
 g - a potion of enlightenment {unknown}
 n - a potion of mutation {unknown}


   Skills:
 + Level 1.1 Fighting
 + Level 0.2 Throwing
 + Level 3.0 Dodging
 + Level 0.9 Stealth
 + Level 3.6 Unarmed Combat
 + Level 4.6 Shapeshifting


You had 2 spell levels left.
You didn't know any spells.
Your spell library was empty.

Dungeon Overview and Level Annotations

Branches:
Dungeon (2/15)

Altars:
Vehumet


Innate Abilities, Weirdness & Mutations

You are a hulking beast.
Your limbs bulge with bestial killing power. (Slay +2)
((You are very nimble when in or above water. (Stealth+, EV+, Speed+++)))
Your lower body shifts to a powerful aquatic tail in water.


Message History

No target in view!
No target in view!
No target in view!
No target in view!
No target in view!
No target in view!
No target in view!
No target in view!
No target in view!
p - a scroll labelled SIOXKI GINKO An iguana comes into view.
An iguana is nearby!
The iguana hisses angrily.
You hit the iguana but do no damage. The iguana bites you.
The iguana attacks as it pursues you! The iguana closely misses you.
There is an escape hatch in the ceiling here.
The iguana bites you! A mysterious force pulls you upwards.
The hatch slams shut behind you.
This is a scroll of acquirement!
Something appears at your feet!
The iguana bites you but does no damage.
As you read the scroll labelled ONTAKI MUNUIX, it crumbles to dust.
It is a scroll of identify.
e - 2 potions of might The iguana bites you!
* * * LOW HITPOINT WARNING * * *
Okay, then.
It was a potion of curing.
You feel better. The iguana misses you.
As you read the scroll labelled FOLI LEUQU, it crumbles to dust.
It is a scroll of amnesia.
You feel forgetful for a moment. The iguana bites you.
As you read the scroll labelled QIFOQILEY, it crumbles to dust.
You hear a loud clanging noise!
It was a scroll of noise.
The iguana bites you.
* * * LOW HITPOINT WARNING * * *
As you read the scroll labelled TATYFE PITEW, it crumbles to dust.
It is a scroll of enchant weapon.
You aren't carrying any weapons that can be enchanted.
The iguana bites you.
You die...

#.##...........##[#.#
#.##.#.......#....#.#
#.##.##...##...####.#
#.##.###.####.## #.# #.##.#
#.# #.# #.# #.##.# #.# #.# #.#
###.##.# #.####.#####.#
#..)...###.##.........#
#.#....lh.....#.#######
#.##.#####..###.# #.##.#
#...##.# #.##.# ##..##.#
##.##.# #..##.##
##..)#.######..##..###
#.###................# #.#
#.......#..#####.###
#######(###[.........#####...#


You could see an iguana.

Vanquished Creatures
  A dart slug (D:1)
  4 ball pythons
  2 endoplasms (D:1)
  A giant cockroach (D:1)
  4 goblins (D:1)
  2 hobgoblins
  A bat (D:1)
  3 frilled lizards (D:1)
  3 kobolds (D:1)
  2 rats (D:1)
23 creatures vanquished.

Notes
Turn   | Place    | Note
-------+----------+-------------------------------------------
     0 | D:1      | Minsecho the Merfolk Shapeshifter began the quest for the
                  | Orb.
     0 | D:1      | Reached XP level 1. HP: 15/15 MP: 1/1
   143 | D:1      | Reached XP level 2. HP: 20/21 MP: 2/2
   533 | D:1      | Reached XP level 3. HP: 26/26 MP: 3/3
   721 | D:2      | Found a radiant altar of Vehumet.
   919 | D:1      | Identified 3 scrolls of acquirement
   919 | D:1      | Acquired 1140 gold pieces
   924 | D:1      | Slain by an iguana

Illustrated notes

Levels and vault maps discovered:
D:1:      spicycebolla_green_bress_n_ham, layout_loops_ring
D:2:      layout_basic, basic_altar, chequers_serial_rivers_large_b,
          minmay_pentomino_x2

Skill      XL: |  1  2 |
---------------+-------+-----
Dodging        | 3 |  3.0
Fighting       | |  1.1
Throwing       | |  0.2
Stealth        | |  0.9
Unarmed Combat | |  3.6
Shapeshifting  | |  4.6

Action                     || total
---------------------------++-------
  Melee: Unarmed           ||    49
         Punch             ||     1
  Throw: Boomerang         ||     8
    Use: Scroll            ||     5
         Potion            ||     1
 Armour: Animal skin       ||    32
  Dodge: Dodged            ||    32
